 Dungeon Crawl Stone Soup version 0.24.0-1-gfbc8707 (webtiles) character file.

Game seed: 13418330701253903082, levelgen mode: deterministic

7730 Illumine the Cleaver (level 11, -10/99 HPs)
             Began as a Minotaur Berserker on Oct 27, 2019.
             Was an Elder of Trog.
             Mangled by a tentacle (13 damage)
             ... attached to a kraken
             ... on level 2 of the Abyss.
             The game lasted 00:16:44 (7289 turns).

Illumine the Cleaver (Minotaur Berserker)           Turns: 7289, Time: 00:16:44

Health: -10/99     AC: 22    Str: 24    XL:     11   Next: 0%
Magic:  12/12      EV: 12    Int:  4    God:    Trog [****..]
Gold:   458        SH:  0    Dex: 11    Spells: 10/10 levels left

rFire    . . .     SeeInvis .   a - +1 hand axe
rCold    . . .     Gourm    .   (no shield)
rNeg     . . .     Faith    .   k - +0 chain mail
rPois    .         Spirit   .   (helmet restricted)
rElec    .         Reflect  .   y - scarf {repulsion}
rCorr    .         Harm     .   p - +0 pair of gloves
MR       ++...                  (no boots)
Stlth    ..........             (no amulet)
HPRegen  1.26/turn              v - +5 ring of protection
MPRegen  0.13/turn              H - +5 ring of protection

@: regenerating, hasted, glowing, repel missiles, very quick
A: retaliatory headbutt, horns 2
a: Berserk, Trog's Hand, Brothers in Arms, Renounce Religion


You were on level 2 of the Abyss.
You worshipped Trog.
Trog was greatly pleased with you.
You were hungry.

You visited 2 branches of the dungeon, and saw 9 of its levels.
You visited the Abyss 1 time.

You collected 458 gold pieces.

Inventory:

Hand Weapons
 a - a +1 hand axe (weapon)
 h - a +1 flail of holy wrath
 q - a +0 flail of venom
Armour
 k - a +0 chain mail (worn)
 p - a +0 pair of gloves (worn)
 y - a scarf of repulsion (worn)
 M - a scarf of spirit shield
 N - a +1 pair of gloves of strength
Jewellery
 o - an uncursed ring of see invisible
 v - a +5 ring of protection (left hand)
 G - an uncursed ring of ice
 H - a +5 ring of protection (right hand)
 K - the ring "Qirid" {Int+4 Dex+3}
   (You took it off a big kobold on level 8 of the Dungeon)

   [ring of intelligence]

   It affects your intelligence (+4).
   It affects your dexterity (+3).
 L - an uncursed amulet of regeneration
 O - an uncursed ring of positive energy
Wands
 i - a wand of acid (3)
 D - a wand of polymorph (10)
 E - a wand of flame (19)
Scrolls
 d - a scroll of random uselessness {unknown}
 g - a scroll of immolation
 j - 2 scrolls of teleportation
 m - 3 scrolls of remove curse
 n - a scroll of enchant weapon
 u - 2 scrolls of blinking
 C - a scroll of enchant armour {unknown}
 I - 2 scrolls of identify
Potions
 b - a potion of agility {unknown}
 e - 4 potions of brilliance
 f - 3 potions of invisibility
 l - 3 potions of flight
 r - 2 potions of curing
 s - a potion of heal wounds
 t - a potion of berserk rage
 w - a potion of might
 x - a potion of lignification
 z - a potion of mutation
 A - 2 potions of haste
 B - a potion of cancellation {unknown}
 F - a potion of ambrosia {unknown}
Miscellaneous
 J - a lightning rod (4/4)
Comestibles
 c - 15 rations


   Skills:
 + Level 9.7 Fighting
 + Level 12.5 Axes
 + Level 9.3 Armour
 + Level 8.7 Dodging
 + Level 2.9 Evocations


You had 10 spell levels left.
You didn't know any spells.
Your spell library was empty.

Dungeon Overview and Level Annotations

Branches:
Dungeon (8/15)             Temple (1/1) D:7
   Lair: D:8-11

Altars:
Elyvilon
Nemelex Xobeh
Okawaru
Qazlal
Sif Muna
Zin
The Shining One

Shops:
D:6 %

Annotations:
D:8 Harold, Psyche


Innate Abilities, Weirdness & Mutations

You reflexively headbutt those who attack you in melee.
You have a pair of horns on your head.


Message History

The kraken is lightly wounded.
You hit the tentacle but do no damage. x3; You closely miss the tentacle.
The tentacle closely misses you. You furiously retaliate!
You headbutt the tentacle!
The tentacle slaps you but does no damage. x2
The tentacle closely misses you. The kraken bites you!
* * * LOW HITPOINT WARNING * * *
Unknown command.
You feel yourself speed up. The tentacle slaps you.
* * * LOW HITPOINT WARNING * * *
The tentacle slaps you!
* * * LOW HITPOINT WARNING * * *
The tentacle completely misses your ogre.
The tentacle closely misses you. You furiously retaliate!
You headbutt the tentacle.
Your ogre hits the tentacle with a +0 giant club!
The kraken barely misses you. You furiously retaliate!
You headbutt the kraken, but do no damage.
The tentacle slaps you!
You die...

#..#.# .## ## #..
. ###.#
#.#.##...# .### .
#.#.. .## ###.#.
#.....####.... #
... #..#..#
#.##.##.....#.##
#.#.....≈wO.≈.≈.
#......@w>≈≈.≈≈
.#....#.wwX≈≈≈≈≈≈
#...###≈≈V≈≈≈≈≈≈≈
.. . §.≈x≈≈≈≈≈≈≈≈
..#.#
.##..≈≈≈∩A≈≈.
..#.. #≈≈≈≈≈≈≈≈≈≈
.. . #.≈≈≈≈≈≈≈≈≈
#≈≈≈≈≈≈.≈≈≈


You could see a kraken, a daeva, 4 tentacles, a small abomination and a friendly
ogre (berserk).

Vanquished Creatures
  A centaur warrior (D:8)
  A hell hog (Abyss:2)
  Pikel (D:5)
  Joseph (D:7)
  An apocalypse crab (Abyss:2)
  A slime creature (D:8)
  An ettin zombie (Abyss:2)
  A wyvern (D:8)
  A yak (D:8)
  Sigmund (D:6)
  Eustachio (D:5)
  A water moccasin (D:5)
  Duvessa (D:7)
  2 sky beasts
  4 slaves
  A large abomination (Abyss:2)
  An orc warrior (D:6)
  A phantom (D:4)
  4 ice beasts
  A small abomination (Abyss:2)
  A necrophage (D:7)
  6 ogres
  A centaur (D:8)
  2 big kobolds (D:8)
  3 bullfrogs (D:8)
  A water moccasin zombie (D:5)
  A scorpion (D:7)
  Dowan (D:7)
  4 killer bees (D:8)
  5 howler monkeys
  7 wights (D:8)
  2 centaur zombies
  2 crimson imps (D:5)
  A quasit (D:7)
  3 jellies
  A gnoll shaman (D:6)
  6 hounds
  Crazy Yiuf (D:6)
  A centaur skeleton (D:4)
  6 iguanas
  An orc wizard (D:6)
  4 worker ants
  A hound zombie (D:6)
  A hound skeleton (D:6)
  A howler monkey skeleton (D:6)
  A worker ant zombie (D:8)
  4 gnolls (D:6)
  11 adders
  A shadow imp (D:8)
  An ufetubus (Abyss:2)
  An ooze (D:2)
  An adder zombie (D:8)
  A worm (D:3)
  3 dart slugs
  2 leopard geckos (D:2)
  15 orcs
  2 ball pythons
  8 giant cockroaches
  8 goblins
  6 hobgoblins
  8 jackals
  3 quokkas
  6 bats
  7 frilled lizards
  11 kobolds
  A leopard gecko zombie (D:8)
  A quokka skeleton (D:8)
  8 rats
200 creatures vanquished.

Vanquished Creatures (collateral kills)
  A thrashing horror (Abyss:2)
  A ynoxinul (Abyss:2)
  An iron imp (Abyss:2)
  An ufetubus (Abyss:2)
4 creatures vanquished.

Vanquished Creatures (others)
  An orc (D:6)
1 creature vanquished.

Grand Total: 205 creatures vanquished

Notes
Turn   | Place    | Note
-------+----------+-------------------------------------------
     0 | D:1      | Illumine the Minotaur Berserker began the quest for the
                  | Orb.
     0 | D:1      | Reached XP level 1. HP: 19/19 MP: 0/0
    19 | D:1      | Reached skill level 4 in Axes
    49 | D:1      | Reached XP level 2. HP: 24/26 MP: 1/1
   510 | D:1      | Reached ** piety under Trog
   510 | D:1      | Reached XP level 3. HP: 25/31 MP: 2/2
  1090 | D:2      | Reached skill level 5 in Axes
  1139 | D:2      | Reached XP level 4. HP: 40/40 MP: 3/3
  1845 | D:3      | HP: 2/40 [iguana (2)]
  2307 | D:3      | Reached XP level 5. HP: 42/46 MP: 4/4
  2338 | D:3      | Reached *** piety under Trog
  2378 | D:3      | Found an iron altar of Okawaru.
  2378 | D:3      | Found a glowing silver altar of Zin.
  2720 | D:4      | Reached skill level 6 in Axes
  2766 | D:4      | Noticed a phantom
  2794 | D:4      | Killed a phantom
  2794 | D:4      | Reached XP level 6. HP: 38/53 MP: 5/5
  3134 | D:4      | Found a shimmering blue altar of Sif Muna.
  3254 | D:5      | Entered Level 5 of the Dungeon
  3256 | D:5      | Noticed a sky beast
  3262 | D:5      | Killed a sky beast
  3262 | D:5      | Reached skill level 5 in Fighting
  3262 | D:5      | Reached skill level 7 in Axes
  3262 | D:5      | Reached XP level 7. HP: 45/61 MP: 6/6
  3282 | D:5      | Found a white marble altar of Elyvilon.
  3312 | D:5      | Noticed Pikel
  3457 | D:5      | Killed Pikel
  3457 | D:5      | Reached skill level 8 in Axes
  3457 | D:5      | Reached skill level 5 in Armour
  3457 | D:5      | Reached skill level 5 in Dodging
  3457 | D:5      | Reached XP level 8. HP: 48/70 MP: 7/7
  3794 | D:5      | Found a sparkling altar of Nemelex Xobeh.
  3819 | D:5      | Noticed Eustachio
  3836 | D:5      | Reached skill level 9 in Axes
  3870 | D:5      | Killed Eustachio
  3876 | D:5      | Found a glowing golden altar of the Shining One.
  4091 | D:6      | Found Muoghurr's Gadget Boutique.
  4634 | D:6      | Found Warib's Food Shop.
  4671 | D:6      | Reached **** piety under Trog
  4700 | D:6      | Reached XP level 9. HP: 79/79 MP: 8/8
  4801 | D:6      | Noticed Sigmund
  4818 | D:6      | Killed Sigmund
  4818 | D:6      | Reached skill level 10 in Axes
  5014 | D:6      | Found a runed translucent door.
  5015 | D:6      | Noticed Crazy Yiuf
  5022 | D:6      | Killed Crazy Yiuf
  5139 | D:7      | Found a stormy altar of Qazlal.
  5196 | D:7      | Noticed Joseph
  5222 | D:7      | Killed Joseph
  5271 | D:7      | Noticed Dowan
  5278 | D:7      | Noticed Duvessa
  5286 | D:7      | Killed Dowan
  5295 | D:7      | Killed Duvessa
  5295 | D:7      | Reached skill level 11 in Axes
  5503 | D:7      | Found a staircase to the Ecumenical Temple.
  5956 | Temple   | Entered the Ecumenical Temple
  6165 | D:8      | Identified the ring "Qirid" {Int+4 Dex+3}
  6259 | D:8      | Reached XP level 10. HP: 55/90 MP: 9/9
  6374 | D:8      | Reached ***** piety under Trog
  6635 | D:8      | Noticed a centaur warrior
  6647 | D:8      | Killed a centaur warrior
  6647 | D:8      | Reached skill level 12 in Axes
  6647 | D:8      | Reached skill level 1 in Evocations
  6950 | D:8      | Noticed Psyche
  6950 | D:8      | Noticed Harold
  6986 | D:8      | Cast into level 2 of the Abyss (Psyche)
  7092 | Abyss:2  | Noticed a hell hog
  7093 | Abyss:2  | Noticed a smoke demon
  7102 | Abyss:2  | Killed a hell hog
  7113 | Abyss:2  | Found a corrupted altar of Lugonu.
  7120 | Abyss:2  | Found a corrupted altar of Lugonu.
  7145 | Abyss:2  | Noticed a thrashing horror
  7175 | Abyss:2  | Killed a thrashing horror
  7241 | Abyss:2  | Noticed an apocalypse crab
  7250 | Abyss:2  | Killed an apocalypse crab
  7268 | Abyss:2  | Reached XP level 11. HP: 86/99 MP: 12/12
  7275 | Abyss:2  | Noticed a kraken
  7283 | Abyss:2  | Noticed a daeva
  7289 | Abyss:2  | HP: 3/99 [tentacle[a kraken] (17)]
  7289 | Abyss:2  | Mangled by a tentacle

Levels and vault maps discovered:
D:1:      lightli_arrival_noodles, layout_basic
D:2:      minmay_inner_zag, layout_basic, small_statue_intersection,
          chequers_serial_rivers_small_b, kennysheep_another_room,
          guppyfry_early_lair_pool
D:3:      layout_basic, gammafunk_temple_overflow_wave
D:4:      layout_cave_pools, kennysheep_mini_moat
D:5:      layout_rooms, lemuel_crystal_altar, old_standard_altar,
          tso_oasis_becter, first_ration, uniq_pikel, uniq_eustachio
D:6:      layout_rooms, serial_shops, shop, nicolae_shop_stone,
          hex_intersection, uniq_crazy_yiuf_cottage, uniq_sigmund
D:7:      layout_loops_ring, minmay_temple_entry_antechambers,
          grunt_qazlal_sundering, uniq_duvessa, uniq_joseph
D:8:      minmay_the_grid_octo_tiled_octocenter [minmay_the_grid_octo_chip,
          minmay_the_grid_octo_tetromino_candy, minmay_the_grid_octo_odd_swirl,
          minmay_the_grid_octo_checkerflower,
          minmay_the_grid_octo_prize_single_spiral,
          minmay_the_grid_square_5x5_six_small,
          minmay_the_grid_square_5x5_percent,
          minmay_the_grid_square_5x5_trominoes,
          minmay_the_grid_square_5x5_bracketed], layout_cave_pools,
          uniq_maurice, uniq_psyche, uniq_harold
Temple:   eino_temple_scatter_basement
Abyss:2:  gammafunk_abyss_exit_x_factor, evilmike_abyss_exit_kraken

Skill      XL: |  1  2  3  4  5  6  7  8  9 10 |
---------------+-------------------------------+-----
Axes           | 4 5 6 7 8 9 11 12 | 12.5
Dodging        | 3 4 5 6 7 8 |  8.7
Fighting       | 4 5 6 7 8 9 |  9.7
Armour         | 3 4 5 6 7 9 |  9.3
Evocations     | 2 |  2.9

Action                   |  1- 3 |  4- 6 |  7- 9 | 10-12 || total
-------------------------+-------+-------+-------+-------++-------
Melee: Hand axe          |    63 |   107 |   333 |   170 ||   673
       Headbutt          |    12 |    23 |    57 |    44 ||   136
Invok: Berserk           |       |       |     2 |     2 ||     4
       Trog's Hand       |       |       |       |     5 ||     5
       Brothers in Arms  |       |       |       |     4 ||     4
  Use: Scroll            |       |       |    18 |     1 ||    19
       Potion            |       |       |       |     2 ||     2
  Eat: Chunk             |     1 |     6 |    12 |     1 ||    20
       Ration            |       |       |       |     2 ||     2
Armor: Animal skin       |    10 |       |       |       ||    10
       Ring mail         |     3 |     5 |       |       ||     8
       Chain mail        |       |    42 |   188 |    97 ||   327
Dodge: Dodged            |    38 |    45 |   194 |   128 ||   405
       Deflected         |       |       |     6 |     1 ||     7
